[Event "ICC tourney 2246 (120 10)"]
[Site "Internet Chess Club"]
[Date "2020.12.26"]
[Round "1"]
[White "lucasnc"]
[Black "falcon2020"]
[Result "0-1"]
[ICCResult "White checkmated"]
[WhiteElo "877"]
[BlackElo "1213"]
[Opening "Richter-Veresov attack, Richter variation"]
[ECO "D01"]
[NIC "QP.07"]
[Time "12:02:20"]
[PlyCount "92"]
[TimeControl "7200+10"]

1. d4 Nf6 2. Nc3 d5 3. Bg5 Bf5 4. f3 h6 5. Bxf6 exf6 6. e4 dxe4 7. fxe4 Bg6
8. Nf3 Bb4 9. e5 O-O 10. a3 Ba5 11. Bd3 Nc6 12. Bb5 Qe7 13. Qe2 fxe5 14.
dxe5 Rfe8 15. O-O-O Bxc3 16. bxc3 Qxa3+ 17. Kd2 Rad8+ 18. Ke1 Qxc3+ 19. Kf1
Qxc2 20. Qxc2 Bxc2 21. Rxd8 Rxd8 22. Ke2 Nd4+ 23. Nxd4 Rxd4 24. Rc1 Re4+
25. Kd2 Rxe5 26. Be2 Be4 27. Bf3 Bxf3 28. gxf3 Rd5+ 29. Ke3 Rd7 30. Ra1 a6
31. Rb1 b5 32. Ra1 Rd6 33. Rc1 c6 34. Ra1 c5 35. Rc1 c4 36. Rb1 c3 37. Rc1
b4 38. Rb1 c2 39. Rc1 b3 40. Ra1 b2 41. Ra2 b1=Q 42. Ke2 Qxa2 43. f4 c1=Q+
44. Kf3 Rd3+ 45. Ke4 Qe2+ 46. Kf5 Qc5# { White checkmated } 0-1

[Event "ICC tourney 2246 (120 10)"]
[Site "Internet Chess Club"]
[Date "2020.12.26"]
[Round "1"]
[White "nikhilramkumar"]
[Black "nb12"]
[Result "0-1"]
[ICCResult "White resigns"]
[WhiteElo "830"]
[BlackElo "1176"]
[Opening "Four knights: Italian variation"]
[ECO "C47"]
[NIC "KP.06"]
[Time "12:01:41"]
[PlyCount "74"]
[TimeControl "7200+10"]

1. e4 e5 2. Nf3 Nc6 3. Nc3 Nf6 4. Bc4 Bb4 5. a3 Ba5 6. O-O d6 7. h3 O-O 8.
Re1 Be6 9. Bxe6 fxe6 10. d4 exd4 11. Nxd4 Qe8 12. Nxc6 Qxc6 13. Bd2 Bxc3
14. Bxc3 Nxe4 15. Qd4 Nxc3 16. Qxc3 Qxc3 17. bxc3 e5 18. f3 a6 19. Rab1 b5
20. Kf2 Rae8 21. g3 d5 22. Kg2 Rf7 23. Rbd1 c6 24. f4 e4 25. Kf2 g5 26. Ke3
gxf4+ 27. gxf4 Ref8 28. Rg1+ Rg7 29. Rxg7+ Kxg7 30. Rg1+ Kf6 31. Rf1 Rg8
32. Kd4 Rg3 33. Kc5 Rxc3+ 34. Kb6 d4 35. Kxa6 Rxa3+ 36. Kb6 Rc3 37. Kc7
Rxc2 { White resigns } 0-1

[Event "ICC tourney 2246 (120 10)"]
[Site "Internet Chess Club"]
[Date "2020.12.26"]
[Round "1"]
[White "nguyencaptures"]
[Black "thomasguchess"]
[Result "1-0"]
[ICCResult "Black resigns"]
[WhiteElo "1124"]
[BlackElo "631"]
[Opening "Two knights defense"]
[ECO "C56"]
[NIC "KP.02"]
[Time "12:01:33"]
[PlyCount "115"]
[TimeControl "7200+10"]

1. e4 e5 2. Nf3 Nc6 3. Bc4 Nf6 4. d4 exd4 5. O-O Nxe4 6. Re1 d5 7. Bxd5
Qxd5 8. Nc3 Qd6 9. Nxe4 Qg6 10. Bf4 Be7 11. Ng3 O-O 12. Nxd4 Nxd4 13. Qxd4
Qxc2 14. Rxe7 c5 15. Qc3 Qa4 16. Bd6 Rd8 17. Bxc5 Bg4 18. b3 Qb5 19. Ree1
Rac8 20. b4 b6 21. f3 Be6 22. Nh5 f6 23. Rxe6 bxc5 24. Qb3 cxb4 25. Rb6+
Qd5 26. Qxd5+ Rxd5 27. Nf4 Rf5 28. Rxb4 Rc2 29. Rb8+ Kf7 30. Rb7+ Kg8 31.
Ne6 Re5 32. Rb8+ Kf7 33. Nd4 Rd2 34. Rb7+ Kg6 35. f4 Re4 36. Nf3 Rc2 37.
Nh4+ Kh5 38. g3 g5 39. Rxh7+ Kg4 40. h3+ Kxg3 41. Nf5+ Kf3 42. Rf1+ Ke2 43.
Ng3+ Ke3 44. Nxe4 Kxe4 45. fxg5 fxg5 46. Re7+ Kd4 47. Rd1+ Kc4 48. Rc7+ Kb4
49. Rxc2 Ka3 50. Rd3+ Kb4 51. a3+ Kb5 52. Rd5+ Ka6 53. Rxg5 Kb6 54. Rcc5
Ka6 55. Rg6+ Kb7 56. Rh5 Kb8 57. Kf2 Kb7 58. Ke3 { Black resigns } 1-0

[Event "ICC tourney 2246 (120 10)"]
[Site "Internet Chess Club"]
[Date "2020.12.26"]
[Round "1"]
[White "pvegesana"]
[Black "citation"]
[Result "1-0"]
[ICCResult "Black resigns"]
[WhiteElo "1227"]
[BlackElo "892"]
[Opening "Sicilian"]
[ECO "B54"]
[NIC "SI.01"]
[Time "12:01:38"]
[PlyCount "105"]
[TimeControl "7200+10"]

1. e4 c5 2. Nf3 d6 3. d4 cxd4 4. Nxd4 e6 5. Nc3 a6 6. Be3 Nf6 7. Bg5 Be7 8.
Bc4 O-O 9. O-O Qc7 10. Bb3 b5 11. a3 Bb7 12. Re1 Nbd7 13. Nf3 Rac8 14. Qd3
Rfd8 15. Rad1 Nb6 16. Qe3 Nc4 17. Bxc4 Qxc4 18. Bxf6 Bxf6 19. e5 dxe5 20.
Nxe5 Bxe5 21. Qxe5 Rxd1 22. Rxd1 Qg4 23. Qg3 Qxg3 24. hxg3 h5 25. Rd7 Be4
26. Nxe4 Rxc2 27. Rd2 Rc4 28. f3 f5 29. Nc3 g5 30. Kf2 Kf7 31. Ke3 f4+ 32.
gxf4 Rxf4 33. Ne4 Kg6 34. g3 Rf8 35. Rd6 Kf5 36. Rxa6 h4 37. g4+ Ke5 38.
Rd6 h3 39. Rd2 Rh8 40. Rh2 Kd5 41. Nxg5 Rc8 42. Rxh3 Rc2 43. b4 Ra2 44. Ne4
Rxa3+ 45. Kd2 Kc4 46. g5 Kxb4 47. g6 Ra7 48. Rh7 Ra8 49. g7 Ka3 50. Rh8
Rxh8 51. gxh8=Q b4 52. Qd4 b3 53. Nc3 { Black resigns } 1-0

[Event "ICC tourney 2246 (120 10)"]
[Site "Internet Chess Club"]
[Date "2020.12.26"]
[Round "1"]
[White "Ldon22"]
[Black "e4h5"]
[Result "1-0"]
[ICCResult "Black resigns"]
[WhiteElo "953"]
[BlackElo "1239"]
[Opening "Sicilian"]
[ECO "B50"]
[NIC "SI.01"]
[Time "12:01:46"]
[PlyCount "61"]
[TimeControl "7200+10"]

1. e4 c5 2. Nf3 d6 3. h3 Nf6 4. Nc3 g6 5. Bc4 Bg7 6. d3 a6 7. a3 Nc6 8. O-O
O-O 9. Bg5 Be6 10. Bxe6 fxe6 11. Re1 Qc7 12. Ne2 d5 13. Nf4 Qd7 14. exd5
exd5 15. Ne6 Rf7 16. Nxc5 Qc7 17. Ne6 Qd7 18. Nxg7 Kxg7 19. Qd2 Re8 20.
Bh6+ Kg8 21. Ng5 Rg7 22. Bxg7 Kxg7 23. Ne6+ Kh8 24. Qh6 Rg8 25. Ng5 Nd8 26.
Re6 Qe8 27. Rxf6 Rg7 28. Re1 Qg8 29. Rf4 b5 30. Re3 a5 31. Ref3 { Black
resigns } 1-0

[Event "ICC tourney 2246 (120 10)"]
[Site "Internet Chess Club"]
[Date "2020.12.26"]
[Round "1"]
[White "thanhcaptures"]
[Black "PirateKing"]
[Result "1-0"]
[ICCResult "Black checkmated"]
[WhiteElo "1197"]
[BlackElo "866"]
[Opening "Caro-Kann: advance variation"]
[ECO "B12"]
[NIC "CK.04"]
[Time "12:02:20"]
[PlyCount "129"]
[TimeControl "7200+10"]

1. e4 c6 2. d4 d5 3. e5 Bf5 4. Nc3 e6 5. g4 Bg6 6. Nge2 h6 7. Nf4 Ne7 8.
Bg2 Qa5 9. O-O Bh7 10. Bd2 Qb6 11. Na4 Qc7 12. Bb4 Ng6 13. Nxg6 Bxg6 14.
Bxf8 Rxf8 15. f4 Be4 16. Bxe4 dxe4 17. Qe2 b5 18. Nc5 Qb6 19. Qxe4 Nd7 20.
Nxd7 Kxd7 21. f5 Rae8 22. f6 g6 23. Qe3 g5 24. c3 Rh8 25. Rf3 Reg8 26. Rh3
Rh7 27. Rh5 Rc8 28. h4 Rch8 29. hxg5 hxg5 30. Qxg5 Rxh5 31. gxh5 Qd8 32.
Kf2 Rg8 33. Qh4 Rh8 34. h6 Qf8 35. h7 b4 36. c4 a5 37. Rg1 Ke8 38. Rg7 a4
39. c5 a3 40. bxa3 bxa3 41. Qg3 Kd7 42. Rg8 Qh6 43. Ke2 Qxh7 44. Rxh8 Qxh8
45. Kf2 Qh6 46. Qg7 Qd2+ 47. Kg3 Qxd4 48. Qxf7+ Kc8 49. Qxe6+ Kb7 50. Qb3+
Kc7 51. Qb6+ Kd7 52. Qb7+ Ke6 53. Qe7+ Kf5 54. Qh7+ Kxe5 55. Qh5+ Kxf6 56.
Qh8+ Kf5 57. Qxd4 Ke6 58. Qd6+ Kf5 59. Qxc6 Kg5 60. Qe6 Kh5 61. c6 Kg5 62.
c7 Kh5 63. c8=Q Kg5 64. Qcg8+ Kh5 65. Qeg6# { Black checkmated } 1-0

[Event "ICC tourney 2246 (120 10)"]
[Site "Internet Chess Club"]
[Date "2020.12.26"]
[Round "1"]
[White "caracleliem2"]
[Black "leonlunachen"]
[Result "1/2-1/2"]
[ICCResult "Game drawn because neither player has mating material"]
[WhiteElo "1152"]
[BlackElo "749"]
[Opening "Sicilian: Kan, 5.Nc3"]
[ECO "B43"]
[NIC "SI.41"]
[Time "12:01:57"]
[PlyCount "182"]
[TimeControl "7200+10"]

1. e4 c5 2. Nf3 e6 3. d4 cxd4 4. Nxd4 a6 5. Nc3 Qc7 6. Be3 Nf6 7. Be2 Nc6
8. O-O Be7 9. Bf3 O-O 10. a4 Bd6 11. h3 Rd8 12. Bg5 Be7 13. Qd2 Ne5 14. Be2
Ng6 15. Nf3 h6 16. Be3 d5 17. exd5 Nxd5 18. Rfd1 Nb4 19. Qc1 Bd7 20. a5 Bc5
21. Bxc5 Qxc5 22. Bd3 Nxd3 23. Rxd3 Bb5 24. Nxb5 Qxb5 25. Rb3 Qd7 26. Qe3
Qe7 27. Rd3 Rxd3 28. Qxd3 Rd8 29. Qe4 f5 30. Qc4 Qd7 31. Re1 Kf7 32. h4 Rc8
33. Qe2 Ke7 34. g3 Qc6 35. Nd4 Qe4 36. Qxe4 fxe4 37. Rxe4 e5 38. Nf5+ Kf6
39. Ne3 Ne7 40. c3 Nc6 41. Nd5+ Ke6 42. Nf4+ Kf5 43. Ra4 exf4 44. Rxf4+ Kg6
45. Re4 Nxa5 46. h5+ Kh7 47. Kf1 Rc4 48. Re5 Nc6 49. Rd5 Rg4 50. Rd7 b5 51.
Rd6 Nb8 52. Rb6 Nd7 53. Rxa6 Nf6 54. Rb6 Rg5 55. Ke2 Rxh5 56. Kf3 Rf5+ 57.
Ke2 Kg6 58. f3 Kg5 59. g4 Nxg4 60. fxg4 Kxg4 61. Rg6+ Rg5 62. Re6 Kf5 63.
Rc6 Rg2+ 64. Kf3 Rxb2 65. Rc5+ Ke6 66. Ke4 Kd6 67. Rd5+ Kc6 68. Rd8 Re2+
69. Kd3 Re7 70. Rc8+ Kb7 71. Rc5 Kb6 72. Rf5 Kc6 73. Kd4 Kd6 74. Rxb5 Kc6
75. Rc5+ Kb6 76. Rd5 Re6 77. Re5 Rf6 78. Rh5 g5 79. c4 g4 80. Rb5+ Ka6 81.
Ke5 Rg6 82. Kf4 g3 83. Rb1 g2 84. Rg1 Rf6+ 85. Kg3 h5 86. Rxg2 Rh6 87. Rh2
Kb6 88. Kf4 h4 89. Kg4 Kc5 90. Rxh4 Rxh4+ 91. Kxh4 Kxc4 { Game drawn
because neither player has mating material } 1/2-1/2

[Event "ICC tourney 2246 (120 10)"]
[Site "Internet Chess Club"]
[Date "2020.12.26"]
[Round "1"]
[White "Aahilvalliani"]
[Black "gauravgupta"]
[Result "0-1"]
[ICCResult "White resigns"]
[WhiteElo "813"]
[BlackElo "1164"]
[Opening "QGD semi-Slav: 5.e3"]
[ECO "D45"]
[NIC "SL.08"]
[Time "12:01:30"]
[PlyCount "90"]
[TimeControl "7200+10"]

1. d4 d5 2. c4 e6 3. Nc3 Nf6 4. Nf3 c6 5. e3 Bd6 6. Bd3 dxc4 7. Bxc4 b5 8.
Bd3 Nbd7 9. Ne4 Be7 10. O-O Bb7 11. Qc2 Rc8 12. Nxf6+ Nxf6 13. Qb3 a5 14.
a4 b4 15. Bd2 O-O 16. Rac1 c5 17. Rc4 Bd5 18. Rfc1 Bxc4 19. Rxc4 Qb6 20.
Qc2 Rc7 21. e4 Rfc8 22. Bf4 Rd7 23. e5 Nd5 24. Bg5 Rdc7 25. Bxe7 Nxe7 26.
Bxh7+ Kf8 27. dxc5 Rxc5 28. Bd3 Rxc4 29. Bxc4 Qc5 30. b3 Nd5 31. Qh7 Nb6
32. Nd2 Qxe5 33. g3 Nxc4 34. Nxc4 Qa1+ 35. Kg2 Rc5 36. Qh8+ Ke7 37. Qh4+
Qf6 38. Qe4 Rd5 39. Qe3 Qd4 40. Qf3 Rf5 41. Qe3 Qxe3 42. Nxe3 Rc5 43. Nc4
Rxc4 44. bxc4 b3 45. Kf1 b2 { White resigns } 0-1

[Event "ICC tourney 2246 (120 10)"]
[Site "Internet Chess Club"]
[Date "2020.12.26"]
[Round "1"]
[White "joefiler"]
[Black "ThorGodOfBlitz"]
[Result "1-0"]
[ICCResult "Black checkmated"]
[WhiteElo "654"]
[BlackElo "1130"]
[Opening "Center game"]
[ECO "C21"]
[NIC "KP.04"]
[Time "12:02:20"]
[PlyCount "95"]
[TimeControl "7200+10"]

1. e4 e5 2. d4 exd4 3. Nf3 Bc5 4. Bc4 Ne7 5. O-O O-O 6. c3 dxc3 7. Nxc3
Nbc6 8. Be3 d6 9. Rc1 Be6 10. Nd5 f5 11. Ng5 Bf7 12. Qb3 Na5 13. Nxe7+ Qxe7
14. Bxf7+ Rxf7 15. Qd5 Bxe3 16. Nxf7 Bxf2+ 17. Rxf2 Qxf7 18. Qxa5 b6 19.
Qc3 c5 20. Rxf5 Qxa2 21. Rg5 Qf7 22. Rf5 Qe6 23. Rcf1 Qxe4 24. Rf7 Qd4+ 25.
Qxd4 cxd4 26. Rc7 Re8 27. b4 Rf8 28. Rxf8+ Kxf8 29. Rxa7 b5 30. Kf2 Kg8 31.
Ke2 h6 32. Kd3 Kh7 33. Kxd4 Kg6 34. Kd5 Kf6 35. Kxd6 g5 36. Rb7 h5 37. Rxb5
h4 38. Rc5 g4 39. Re5 g3 40. h3 Kf7 41. b5 Kf6 42. b6 Kg6 43. b7 Kf6 44.
b8=Q Kf7 45. Qc7+ Kf8 46. Rf5+ Kg8 47. Qf7+ Kh8 48. Rh5# { Black checkmated
} 1-0

[Event "ICC tourney 2246 (120 10)"]
[Site "Internet Chess Club"]
[Date "2020.12.26"]
[Round "1"]
[White "Rthur"]
[Black "Chai2006"]
[Result "0-1"]
[ICCResult "White resigns"]
[WhiteElo "802"]
[BlackElo "1159"]
[Opening "French: exchange variation"]
[ECO "C01"]
[NIC "FR.01"]
[Time "12:02:20"]
[PlyCount "46"]
[TimeControl "7200+10"]

1. e4 e6 2. d4 d5 3. exd5 exd5 4. Nf3 Nf6 5. c4 c6 6. Bg5 Qb6 7. Qb3 Bb4+
8. Nc3 Ne4 9. Bd2 Nxd2 10. Kxd2 O-O 11. Bd3 c5 12. Kc2 Na6 13. a3 Be6 14.
axb4 Nxb4+ 15. Kd2 dxc4 16. Bxc4 Bxc4 17. Qxc4 cxd4 18. Na4 Qh6+ 19. Ke2
d3+ 20. Ke1 Nc2+ 21. Kd1 Nxa1 22. Nc5 Rac8 23. Qxd3 Rxc5 { White resigns }
0-1

[Event "ICC tourney 2246 (120 10)"]
[Site "Internet Chess Club"]
[Date "2020.12.26"]
[Round "1"]
[White "DWilston"]
[Black "cfetteroll"]
[Result "1-0"]
[ICCResult "Black resigns"]
[WhiteElo "976"]
[BlackElo "1275"]
[Opening "Philidor's defense"]
[ECO "C41"]
[NIC "KP.10"]
[Time "12:02:20"]
[PlyCount "63"]
[TimeControl "7200+10"]

1. e4 e5 2. Nf3 d6 3. Nc3 Be7 4. Bc4 Nf6 5. d3 Bg4 6. h3 Bxf3 7. Qxf3 Nc6
8. Nd5 Nd4 9. Qd1 c6 10. Nxe7 Qxe7 11. c3 Ne6 12. a3 O-O 13. g4 h6 14. Rg1
Nf4 15. Bxf4 exf4 16. Qf3 g5 17. O-O-O b5 18. Bb3 Nd7 19. d4 c5 20. h4 c4
21. Bc2 f6 22. hxg5 fxg5 23. e5 dxe5 24. Qd5+ Kg7 25. dxe5 Qxe5 26. Qxd7+
Rf7 27. Qd4 Qxd4 28. Rxd4 a6 29. Rd6 a5 30. Rg6+ Kf8 31. Rxh6 b4 32. Rh8+ {
Black resigns } 1-0

[Event "ICC tourney 2246 (120 10)"]
[Site "Internet Chess Club"]
[Date "2020.12.26"]
[Round "1"]
[White "traycon"]
[Black "Shashank8"]
[Result "1-0"]
[ICCResult "Black resigns"]
[WhiteElo "857"]
[BlackElo "1188"]
[Opening "Old Indian: Ukrainian variation, 4.Nf3"]
[ECO "A54"]
[NIC "EO.22"]
[Time "12:01:37"]
[PlyCount "103"]
[TimeControl "7200+10"]

1. c4 e5 2. Nc3 d6 3. Nf3 Nf6 4. d4 exd4 5. Nxd4 Be7 6. g3 Bd7 7. Bg2 Nc6
8. Nxc6 Bxc6 9. Bxc6+ bxc6 10. O-O O-O 11. Re1 Qd7 12. Qa4 Rfd8 13. e4 c5
14. Qxd7 Nxd7 15. Nd5 Bf8 16. Nxc7 Rac8 17. Nd5 Nb6 18. b3 g6 19. Bb2 Bg7
20. Nf6+ Kh8 21. Rab1 Nd7 22. Nd5 Bxb2 23. Rxb2 a5 24. f4 Rb8 25. e5 dxe5
26. fxe5 Re8 27. e6 Rxe6 28. Rbe2 Rbe8 29. Kf1 Rxe2 30. Rxe2 Rxe2 31. Kxe2
Kg7 32. Ne7 Nb6 33. a4 Kf6 34. Nc6 Ke6 35. Nxa5 Kd6 36. Nb7+ Kc7 37. Nxc5
Kc6 38. Ne4 Nd7 39. a5 f5 40. Nc3 Kc5 41. a6 Kb6 42. Ke3 Kxa6 43. Kd4 Kb6
44. b4 h5 45. c5+ Kc6 46. b5+ Kc7 47. Nd5+ Kb8 48. c6 Nf8 49. Ke5 Kc8 50.
b6 g5 51. Ne7+ Kb8 52. c7+ { Black resigns } 1-0

[Event "ICC tourney 2246 (120 10)"]
[Site "Internet Chess Club"]
[Date "2020.12.26"]
[Round "1"]
[White "DanielGuan"]
[Black "jayburd56"]
[Result "1/2-1/2"]
[ICCResult "Game drawn by mutual agreement"]
[WhiteElo "985"]
[BlackElo "1298"]
[Opening "QGD Slav defense: exchange variation"]
[ECO "D13"]
[NIC "SL.01"]
[Time "12:01:51"]
[PlyCount "69"]
[TimeControl "7200+10"]

1. d4 c6 2. c4 d5 3. cxd5 cxd5 4. Nc3 Nf6 5. Nf3 Nc6 6. Bf4 a6 7. e3 Bg4 8.
Be2 e6 9. a3 Bd6 10. Ne5 Bxe2 11. Nxe2 Qc7 12. Rc1 Nh5 13. Nxc6 bxc6 14.
Bxd6 Qxd6 15. Qc2 O-O 16. Qxc6 Qxc6 17. Rxc6 Rfc8 18. Rxc8+ Rxc8 19. Kd2
Nf6 20. f3 Kf8 21. Rc1 Rb8 22. b4 Nd7 23. Rc3 Nb6 24. Nc1 Nc4+ 25. Ke2 a5
26. Nd3 axb4 27. Nxb4 Nxa3 28. Rxa3 Rxb4 29. f4 Rb7 30. Kf3 f5 31. Ra6 Kf7
32. h3 Rc7 33. g4 g6 34. h4 Rb7 35. Rc6 { Game drawn by mutual agreement }
1/2-1/2

[Event "ICC tourney 2246 (120 10)"]
[Site "Internet Chess Club"]
[Date "2020.12.26"]
[Round "1"]
[White "Bouchard140"]
[Black "king235"]
[Result "1-0"]
[ICCResult "Black checkmated"]
[WhiteElo "1250"]
[BlackElo "969"]
[Opening "King's gambit"]
[ECO "C30"]
[NIC "KG.05"]
[Time "12:01:37"]
[PlyCount "117"]
[TimeControl "7200+10"]

1. e4 e5 2. f4 Nc6 3. Nf3 exf4 4. Bc4 Nf6 5. Nc3 Bc5 6. d4 Bb4 7. e5 Ne4 8.
Qd3 Bxc3+ 9. bxc3 d5 10. exd6 Nxd6 11. O-O Bf5 12. Qe2+ Qe7 13. Qxe7+ Nxe7
14. Bb3 O-O 15. Bxf4 Rac8 16. Rae1 Ng6 17. Ne5 Nxf4 18. Rxf4 Be6 19. Bxe6
fxe6 20. Rxf8+ Kxf8 21. Nf3 c5 22. Rxe6 Nf5 23. Re5 Nd6 24. d5 Nc4 25. Re4
Na3 26. Ne1 Re8 27. Rf4+ Ke7 28. Nd3 Kd6 29. Rf7 Re7 30. Rxe7 Kxe7 31. Nxc5
b6 32. Ne4 Nxc2 33. Kf2 b5 34. Ke2 b4 35. Kd2 Na3 36. cxb4 Nc4+ 37. Kc3 Ne3
38. Kd4 Nxg2 39. Kc5 Nf4 40. b5 Nd3+ 41. Kc6 Nb4+ 42. Kb7 Nxd5 43. Kxa7 Kd7
44. b6 Nb4 45. b7 Nc6+ 46. Kb6 Nb8 47. a4 Kd8 48. Nc5 h5 49. a5 g5 50. a6
h4 51. a7 Nd7+ 52. Nxd7 Kxd7 53. b8=Q Ke6 54. a8=Q Kf5 55. Qf8+ Kg4 56.
Qe4+ Kh3 57. Qff3+ Kxh2 58. Qee2+ Kg1 59. Qff1# { Black checkmated } 1-0

[Event "ICC tourney 2246 (120 10)"]
[Site "Internet Chess Club"]
[Date "2020.12.26"]
[Round "1"]
[White "ChaosOrigin"]
[Black "oxdidi"]
[Result "1-0"]
[ICCResult "Black resigns"]
[WhiteElo "1237"]
[BlackElo "945"]
[Opening "Scotch gambit: Dubois-Réti defense"]
[ECO "C55"]
[NIC "KP.02"]
[Time "12:01:45"]
[PlyCount "157"]
[TimeControl "7200+10"]

1. e4 e5 2. Bc4 Nf6 3. d4 exd4 4. Nf3 Nc6 5. e5 Qe7 6. O-O Ne4 7. Nxd4 Nxd4
8. Qxd4 Nc5 9. b4 Ne6 10. Qd2 Qxb4 11. Qe2 Qb6 12. Bb3 Qc6 13. Bb2 b6 14.
Rd1 Bb7 15. Bd5 Nf4 16. Bxc6 Nxe2+ 17. Kf1 Bxc6 18. Kxe2 Bxg2 19. f3 Bh3
20. Nc3 Bf5 21. Rd2 d6 22. Nb5 Kd7 23. Rad1 a6 24. Nc3 Re8 25. Ne4 Bxe4 26.
fxe4 Kc8 27. Kf3 dxe5 28. Rd7 Bd6 29. Rxf7 Rhf8 30. Rxf8 Rxf8+ 31. Ke3 Bc5+
32. Kd3 Bd6 33. Rd2 Rf3+ 34. Kc4 Re3 35. Kd5 Kd7 36. Bxe5 c6+ 37. Kd4 Bc5+
38. Kc4+ Ke6 39. Bxg7 Rxe4+ 40. Kd3 Re3+ 41. Kc4 Kf7 42. Bh8 Kg8 43. Bb2
Kf7 44. Rd7+ Kg6 45. Rg7+ Kh6 46. Rc7 Re6 47. Bc1+ Kg6 48. Ra7 Re2 49. Kd3
Rxh2 50. Rc7 Rh3+ 51. Kc4 Rh4+ 52. Kb3 Rh3+ 53. c3 Rf3 54. Rxc6+ Kf5 55.
Kc4 Rf2 56. a4 Rc2 57. Bh6 Ra2 58. Bg7 Rxa4+ 59. Kd5 Rh4 60. Rf6+ Kg5 61.
Re6 a5 62. Bd4 Bxd4 63. cxd4 b5 64. Re5+ Kg6 65. Re6+ Kf7 66. Re5 b4 67.
Kc4 Kf6 68. Rxa5 b3 69. Rb5 Rh3 70. d5 Ke5 71. Rb6 b2 72. Rxb2 Rh6 73. Kc5
Rd6 74. Re2+ Kf5 75. Kxd6 h5 76. Kc7 h4 77. d6 h3 78. d7 h2 79. Rxh2 {
Black resigns } 1-0

[Event "ICC tourney 2246 (120 10)"]
[Site "Internet Chess Club"]
[Date "2020.12.26"]
[Round "1"]
[White "sunnypatelsp"]
[Black "Anichess2009"]
[Result "1-0"]
[ICCResult "Black checkmated"]
[WhiteElo "1163"]
[BlackElo "812"]
[Opening "Pirc defense"]
[ECO "B07"]
[NIC "PU.08"]
[Time "12:01:34"]
[PlyCount "81"]
[TimeControl "7200+10"]

1. e4 d6 2. d4 Nf6 3. Nc3 Nc6 4. d5 Ne5 5. a4 a6 6. b3 g6 7. h3 Bg7 8. f4
Ned7 9. Rb1 Nc5 10. Bd3 Nxd3+ 11. cxd3 Nh5 12. Nce2 O-O 13. g4 Nf6 14. Bb2
e6 15. dxe6 Bxe6 16. Ng3 d5 17. e5 Nd7 18. d4 c6 19. Nf3 f5 20. g5 h6 21.
Qd2 Kf7 22. h4 h5 23. a5 Rh8 24. O-O b6 25. b4 Bf8 26. Rfc1 Rc8 27. Ba1 b5
28. Rc2 Nb8 29. Kf2 Be7 30. Rbc1 Qf8 31. Bc3 Qg7 32. Bb2 Qf8 33. Ba3 Bd7
34. Qe1 Rc7 35. e6+ Bxe6 36. Ne5+ Kg7 37. Nxg6 Kxg6 38. Qxe6+ Kg7 39. Nxf5+
Kh7 40. Rg1 Qg8 41. Qh6# { Black checkmated } 1-0

[Event "ICC tourney 2246 (120 10)"]
[Site "Internet Chess Club"]
[Date "2020.12.26"]
[Round "1"]
[White "bryantan2010"]
[Black "oliver-kc"]
[Result "1-0"]
[ICCResult "Black checkmated"]
[WhiteElo "1157"]
[BlackElo "794"]
[Opening "Sicilian: accelerated fianchetto, modern variation"]
[ECO "B34"]
[NIC "SI.33"]
[Time "12:01:39"]
[PlyCount "161"]
[TimeControl "7200+10"]

1. e4 c5 2. Nf3 Nc6 3. d4 cxd4 4. Nxd4 g6 5. Nc3 Bg7 6. Be3 Nf6 7. Be2 O-O
8. Qd2 d5 9. exd5 Nxd5 10. Nxc6 bxc6 11. Bd4 Nf6 12. O-O Bf5 13. Rad1 Qd7
14. Qc1 Qb7 15. Bf3 Qc7 16. Rfe1 Rab8 17. Be5 Qb7 18. Bxb8 Rxb8 19. b3 e6
20. h3 Qb4 21. Ne2 c5 22. c3 Qh4 23. Ng3 h6 24. Kh2 e5 25. Nxf5 gxf5 26. g3
Qg5 27. Qxg5 hxg5 28. Kg1 e4 29. Bg2 Rb5 30. f3 c4 31. b4 Nd5 32. a4 Rb8
33. Rxd5 Bxc3 34. Rc1 Bxb4 35. Rxc4 e3 36. Re5 Bd2 37. Kf1 Rb1+ 38. Ke2 Rb2
39. Rxf5 Bc1+ 40. Ke1 Rxg2 41. Rxg5+ Kf8 42. Rxc1 Rg1+ 43. Ke2 Rxc1 44.
Kxe3 Rc3+ 45. Ke2 Rc2+ 46. Kd3 Ra2 47. Ra5 Ra3+ 48. Ke4 Ra1 49. Rxa7 Re1+
50. Kf4 Rb1 51. Kg4 Rb4+ 52. f4 Kg7 53. a5 Kg6 54. h4 f5+ 55. Kh3 Ra4 56.
a6 Ra5 57. Ra8 Kf7 58. h5 Kg7 59. a7 Ra6 60. Kh4 Ra1 61. Kg5 Ra5 62. g4
fxg4+ 63. Kxg4 Ra6 64. Kg5 Ra5+ 65. f5 Ra6 66. f6+ Kf7 67. h6 Ra5+ 68. Kf4
Ra4+ 69. Ke5 Ra5+ 70. Kd6 Ra1 71. h7 Rd1+ 72. Ke5 Re1+ 73. Kd4 Rd1+ 74. Ke3
Re1+ 75. Kd2 Rh1 76. h8=Q Rxh8 77. Rxh8 Kxf6 78. a8=Q Kg6 79. Qf3 Kg5 80.
Rg8+ Kh4 81. Qh1# { Black checkmated } 1-0

[Event "ICC tourney 2246 (120 10)"]
[Site "Internet Chess Club"]
[Date "2020.12.26"]
[Round "1"]
[White "saahilkajarekar"]
[Black "srinandasai12"]
[Result "1-0"]
[ICCResult "Black checkmated"]
[WhiteElo "910"]
[BlackElo "1228"]
[Opening "King's Indian: 5.Nf3"]
[ECO "E90"]
[NIC "KI.21"]
[Time "12:01:41"]
[PlyCount "87"]
[TimeControl "7200+10"]

1. d4 Nf6 2. c4 g6 3. Nc3 Bg7 4. e4 d6 5. Nf3 O-O 6. Bd3 c6 7. O-O a6 8. a4
Bg4 9. Be2 Nbd7 10. h3 Bxf3 11. Bxf3 Nb6 12. b3 a5 13. Qc2 Qc7 14. Rd1 Rac8
15. Ba3 Rfd8 16. d5 Nfd7 17. Bg4 h5 18. Bxd7 Nxd7 19. Bb2 Qb6 20. Na2 Ne5
21. Re1 cxd5 22. exd5 Qc5 23. Rad1 b5 24. axb5 Qxb5 25. f4 Qc5+ 26. Kf1 Nd7
27. Bxg7 Kxg7 28. Rxe7 Kg8 29. Rde1 Nf6 30. f5 g5 31. Qd2 Nh7 32. f6 a4 33.
bxa4 Qxc4+ 34. Kg1 Qxa4 35. R1e4 Qb3 36. Rb4 Qa3 37. Rbb7 Rf8 38. Qe2 Qc5+
39. Kh2 Qxd5 40. Nb4 Qf5 41. Rxf7 Rxf7 42. Rxf7 Kxf7 43. Qe7+ Kg8 44. Qg7#
{ Black checkmated } 1-0

[Event "ICC tourney 2246 (120 10)"]
[Site "Internet Chess Club"]
[Date "2020.12.26"]
[Round "1"]
[White "ethanz1606"]
[Black "raadix028"]
[Result "1-0"]
[ICCResult "Black checkmated"]
[WhiteElo "1164"]
[BlackElo "819"]
[Opening "QGD Slav: 4.Nc3"]
[ECO "D15"]
[NIC "SL.03"]
[Time "12:01:39"]
[PlyCount "107"]
[TimeControl "7200+10"]

1. d4 d5 2. c4 c6 3. Nf3 Nf6 4. Nc3 Bf5 5. e3 e6 6. cxd5 exd5 7. Bd3 Bg6 8.
O-O Bd6 9. Re1 Ne4 10. Bxe4 dxe4 11. Nd2 Qe7 12. Qg4 f5 13. Qd1 Nd7 14. Nc4
Bc7 15. Qb3 Bf7 16. Qxb7 O-O 17. Qxc6 Rfc8 18. Qa4 Kh8 19. Nd2 Qh4 20. h3
Qe7 21. b3 Nb6 22. Qb5 a6 23. Qxf5 Bg6 24. Qg4 Re8 25. a4 Rad8 26. Ba3 Bd6
27. Bxd6 Rxd6 28. Nc4 Rc6 29. Nxb6 Rxb6 30. Nd5 Qa7 31. Nxb6 Qxb6 32. Rab1
a5 33. Rec1 Qb8 34. Rc3 Bf7 35. Rbc1 Qb7 36. Rc8 Qxb3 37. Rxe8+ Bxe8 38.
Rc8 Qxa4 39. Qe6 h6 40. Qxe8+ Qxe8 41. Rxe8+ Kh7 42. d5 a4 43. Ra8 Kg6 44.
d6 Kf6 45. d7 a3 46. d8=Q+ Ke5 47. Ra5+ Ke6 48. Qd5+ Ke7 49. Qb7+ Kf6 50.
Ra6+ Kg5 51. Qd5+ Kh4 52. Qxe4+ Kh5 53. Qf5+ Kh4 54. Ra4# { Black
checkmated } 1-0

[Event "ICC tourney 2246 (120 10)"]
[Site "Internet Chess Club"]
[Date "2020.12.26"]
[Round "1"]
[White "Pip04"]
[Black "Deanmoon32"]
[Result "0-1"]
[ICCResult "White resigns"]
[WhiteElo "1259"]
[BlackElo "974"]
[Opening "Scotch game"]
[ECO "C45"]
[NIC "SO.04"]
[Time "12:07:01"]
[PlyCount "112"]
[TimeControl "7200+10"]

1. e4 e5 2. Nf3 Nc6 3. d4 exd4 4. Nxd4 Nxd4 5. Qxd4 d6 6. Nc3 Nf6 7. e5 Qe7
8. Bf4 c5 9. Qe3 Ng4 10. exd6 Nxe3 11. dxe7 Nxc2+ 12. Kd2 Nxa1 13. Bb5+ Bd7
14. exf8=Q+ Rxf8 15. Bxd7+ Kxd7 16. Rxa1 Rad8 17. Rd1 Kc6+ 18. Kc2 b5 19.
Re1 b4 20. Nd1 a5 21. Re7 Kb5 22. Rb7+ Ka4 23. b3+ Ka3 24. Rb5 a4 25. Rxc5
Rc8 26. Rxc8 Rxc8+ 27. Kb1 axb3 28. Bc1+ Ka4 29. Nb2+ Kb5 30. axb3 Rd8 31.
Kc2 Rc8+ 32. Kd2 Rc3 33. Nd3 Rxb3 34. Ne5 Rc3 35. Nxf7 Rc7 36. Nd6+ Ka4 37.
Ne4 Rc4 38. Nd6 Rd4+ 39. Ke3 Rxd6 40. f4 b3 41. g4 Rc6 42. Bb2 g6 43. h4
Rc2 44. Be5 b2 45. Bxb2 Rxb2 46. f5 gxf5 47. gxf5 Rb4 48. f6 Rb8 49. Ke4
Kb5 50. Ke5 Kc6 51. Ke6 Re8+ 52. Kf7 Re4 53. Kg7 Rxh4 54. f7 Rf4 55. f8=Q
Rxf8 56. Kxf8 h5 { White resigns } 0-1